 Dungeon Sprint DCSS version 0.31.0-12-g77e489cdc1 (webtiles) character file.

Game seed: 15935405510208411222

466 Heoruswealwe the Spear-Bearer (level 6, -6/64 HPs)
             Began as a Minotaur Fighter on Feb 23, 2024.
             Was an Initiate of Gozag.
             Killed from afar by a gargoyle (26 damage)
             ... with a stone arrow
             ... in the Dungeon (Sprint IX: "|||||||||||||||||||||||||||||").
             The game lasted 00:01:16 (115 turns).

Heoruswealwe the Spear-Bearer (Minotaur Fighter)     Turns: 115, Time: 00:01:17

Health: -6/64      AC:  8    Str: 22    XL:     6   Next: 81%
Magic:  5/5        EV: 10    Int:  5    God:    Gozag
Gold:   0          SH:  0    Dex: 10    Spells: 5/5 levels left

rFire   . . .        b - +2 halberd (venom)
rCold   . . .        (shield currently unavailable)
rNeg    . . .        c - +0 scale mail
rPois   .            (helmet restricted)
rElec   .            (no cloak)
rCorr   .            (no gloves)
SInv    .            (no boots)
Will    .....        (no amulet) Stlth
                     (no ring)
HPRegen 0.30/turn    (no ring)
MPRegen 0.09/turn

%: no teleportation
@: gold aura
A: horns 2, retaliatory headbutt
a: Renounce Religion, Potion Petition, Call Merchant, Bribe Branch


You were in the Dungeon.
You worshipped Gozag.
Gozag was noncommittal.
You visited 1 branch

Inventory:

Hand Weapons
 a - a +0 trident
 b - a +2 halberd of venom (weapon)
Armour
 c - a +0 scale mail (worn)
 d - a +0 buckler
Jewellery
 l - a +2 ring of protection
 m - a +2 ring of protection
Wands
 h - a wand of roots (10)
Scrolls
 j - 2 scrolls of blinking
Potions
 e - 5 potions of curing
 f - 3 potions of heal wounds
 g - a potion of haste
 i - a potion of berserk rage
 k - a potion of might


   Skills:
 + Level 9.5 Fighting
 * Level 12.5 Polearms
 + Level 9.5 Armour
 - Level 3.6 Shields


You had 5 spell levels left.
You didn't know any spells.
Your spell library was empty.

Dungeon Overview and Level Annotations

Branches:
Dungeon (1/1)

Altars:
Cheibriados
Dithmenos
Elyvilon
Fedhas
Gozag
Hepliaklqana
Kikubaaqudgha
Makhleb
Nemelex Xobeh
Okawaru
Qazlal
Ru
Sif Muna
Trog
Uskayaw
Vehumet
Wu Jian
Xom
Yredelemnul
Zin
The Shining One
Jiyva
Lugonu


Innate Abilities, Weirdness & Mutations

You have a pair of horns on your head.
You reflexively headbutt those who attack you in melee.


Message History

There is an open door to the Dungeon here.
Things that are here:
63 gold pieces; a +0 dagger; a +0 robe You hit the wight but do no damage.
The wight barely misses you.
You slash the wight!
The wight is almost destroyed.
The wight hits you with a +5 spear!
You impale the wight!!
You destroy the wight!
The centaur is distracted by your dazzling golden aura.
You hit the acid dragon but do no damage.
Your headbutt misses the acid dragon. The acid dragon closely misses you.
The acid dragon claws you.
You hit the acid dragon.
The acid dragon is lightly wounded.
The acid dragon bites you! The acid dragon claws you.
* * * LOW HITPOINT WARNING * * *
You slice the acid dragon!!
The acid dragon is poisoned.
The acid dragon is almost dead.
You kill the acid dragon!
The gargoyle is distracted by your dazzling golden aura.
Your Fighting skill increases to level 9!
Your Polearms skill increases to level 12!
Your Armour skill increases to level 9!
The centaur is no longer distracted by gold.
Things that are here:
198 gold pieces; a +5 spear; a +0 robe You hit the gargoyle but do no damage.
The gargoyle is no longer distracted by gold.
You headbutt the gargoyle!
The gargoyle is heavily damaged.
The gargoyle is distracted by your dazzling golden aura.
You hit the gargoyle but do no damage.
The gargoyle is no longer distracted by gold.
The gargoyle is heavily damaged.
The two-headed ogre is distracted by your dazzling golden aura.
The gargoyle hurls a stone arrow at you.
The stone arrow hits you!!
You die...
Your body crumbles into a pile of gold.

▓)▓
▓.▓
▓[▓
▓[▓
▓[▓
▓.▓
▓.▓
▓$▓
▓@▓
▓9▓
▓O▓
▓c▓
▓.▓
▓.▓
▓+▓


You could see a two-headed ogre (unaware), a gargoyle and a centaur.

Vanquished Creatures
  An acid dragon (D)
  A black bear (D)
  An ice beast (D)
  A wight (D)
  2 jellies (D)
  An orc wizard (D)
  An iguana (D)
  A bat (D)
  A goblin (D)
  A ball python (D)
  A kobold (D)
  A rat (D)
13 creatures vanquished.

Notes
Turn   | Place    | Note
-------+----------+-------------------------------------------
     0 | D        | Heoruswealwe the Minotaur Fighter began the quest for the
                  | Orb.
     0 | D        | Reached XP level 1. HP: 19/19 MP: 0/0
     8 | D        | Reached skill level 3 in Polearms
    16 | D        | Noticed an ice beast
    16 | D        | Noticed a black bear
    16 | D        | Noticed a jelly
    16 | D        | Noticed an iguana
    16 | D        | Noticed a jelly
    23 | D        | Killed an ice beast
    24 | D        | Reached skill level 7 in Polearms
    24 | D        | Reached XP level 2. HP: 31/31 MP: 1/1
    24 | D        | Reached XP level 3. HP: 38/38 MP: 2/2
    24 | D        | Reached XP level 4. HP: 45/45 MP: 3/3
    32 | D        | Killed a black bear
    33 | D        | Reached skill level 9 in Polearms
    33 | D        | Reached XP level 5. HP: 44/53 MP: 4/4
    36 | D        | Reached skill level 10 in Polearms
    40 | D        | Reached XP level 6. HP: 40/62 MP: 5/5
    45 | D        | Found a snail-covered altar of Cheibriados.
    45 | D        | Found a shadowy altar of Dithmenos.
    45 | D        | Found a white marble altar of Elyvilon.
    45 | D        | Found a blossoming altar of Fedhas.
    45 | D        | Found an opulent altar of Gozag.
    46 | D        | Found a hazy altar of Hepliaklqana.
    47 | D        | Found a viscous altar of Jiyva.
    48 | D        | Found an ancient bone altar of Kikubaaqudgha.
    49 | D        | Found a corrupted altar of Lugonu.
    50 | D        | Found a burning altar of Makhleb.
    51 | D        | Found a sparkling altar of Nemelex Xobeh.
    52 | D        | Found an iron altar of Okawaru.
    53 | D        | Became a worshipper of Gozag Ym Sagoz the Greedy
    54 | D        | Found a stormy altar of Qazlal.
    55 | D        | Found a sacrificial altar of Ru.
    56 | D        | Found a shimmering blue altar of Sif Muna.
    57 | D        | Found a bloodstained altar of Trog.
    58 | D        | Found a hide-covered altar of Uskayaw.
    59 | D        | Found a radiant altar of Vehumet.
    60 | D        | Found an ornate altar of the Wu Jian Council.
    61 | D        | Found a shimmering altar of Xom.
    62 | D        | Found a basalt altar of Yredelemnul.
    63 | D        | Found a glowing silver altar of Zin.
    64 | D        | Found a glowing golden altar of the Shining One.
   100 | D        | Noticed an acid dragon
   100 | D        | Noticed a gargoyle
   100 | D        | Noticed a two-headed ogre
   106 | D        | Reached skill level 11 in Polearms
   112 | D        | Killed an acid dragon
   113 | D        | Reached skill level 12 in Polearms
   115 | D        | Killed from afar by a gargoyle

Illustrated notes

Levels and vault maps discovered:
D:        linesprint [early_d, line_temple, items_1, d_10, items_2, lair_1,
          lair_end, items_3, orc_1, orc_end, items_4, d_15, swamp_1, shoals_1,
          snake_1, spider_1, d_20, vaults_1, items_5, swamp_end, shoals_end,
          snake_end, spider_end, vaults_end, d_27, items_6, zot_1, zot_end,
          crypt_end, forest_end, elf_end, slime_end, tomb_end, abyss_end,
          pan_hell_end]

Skill      XL: |  1  2  3  4  5  6 |
---------------+-------------------+-----
Polearms       | 7 9 10 12 | 12.5
Fighting       | 6 7 8 9 |  9.5
Armour         | 6 7 8 9 |  9.5
Shields        | |  3.6

Action                     |  1- 3 |  4- 6 || total
---------------------------+-------+-------++-------
  Melee: Trident           |    13 |    15 ||    28
         Headbutt          |     5 |     7 ||    12
         Halberd           |       |    13 ||    13
 Armour: Scale mail        |     4 |    21 ||    25
  Dodge: Dodged            |     4 |    14 ||    18
  Block: Buckler           |     1 |     6 ||     7
